 Dungeon Crawl Stone Soup version 0.30-a0-743-gbfdf073431 (webtiles) character file.

Game seed: 5457218639233031404

51 pokeman the Magician (level 3, -1/20 HPs)
             Began as a Deep Elf Hedge Wizard on Feb 5, 2023.
             Slain by a gnoll
             ... wielding a +0 flail
              (10 damage)
             ... on level 2 of the Dungeon.
             The game lasted 00:02:41 (1573 turns).

pokeman the Magician (Deep Elf Hedge Wizard)        Turns: 1573, Time: 00:02:42

Health: -1/20      AC:  3    Str:  6 (7)  XL:     3   Next: 58%
Magic:  3/11       EV: 12    Int: 17 (20) God:
Gold:   47         SH:  0    Dex: 11 (14) Spells: 4/12 levels left

rFire   . . .      SeeInvis .    s - +2 spear (flame)
rCold   . . .      Faith    .    (no shield)
rNeg    . . .      Spirit   .    b - +0 robe
rPois   .          Reflect  .    c - +0 hat
rElec   .          Harm     .    (no cloak)
rCorr   .          Rampage  .    (no gloves)
Will    .....                    p - +0 pair of boots
Stlth   ++                       (no amulet)
HPRegen 0.23/turn                (no ring)
MPRegen 0.12/turn                (no ring)

@: on blink cooldown, very slightly contaminated
A: no striking features
a: no special abilities


You were on level 2 of the Dungeon.
You visited 1 branch of the dungeon, and saw 2 of its levels.

You collected 47 gold pieces.

Inventory:

Hand Weapons
 s - a +2 spear of flaming (weapon)
Armour
 b - a +0 robe (worn)
 c - a +0 hat (worn)
 j - an orb of light
 p - a +0 pair of boots (worn)
Scrolls
 e - a scroll of teleportation {unknown}
 f - 3 scrolls of identify {unknown}
 g - a scroll of vulnerability {unknown}
 h - a scroll of blinking {unknown}
 k - a scroll of acquirement {unknown}
 n - a scroll of enchant armour {unknown}
Potions
 d - a potion of magic
 i - 2 potions of degeneration
 l - a potion of curing
 m - a potion of flight {unknown}
 o - 2 potions of mutation {unknown}
 q - a potion of heal wounds {unknown}
 r - a potion of lignification {unknown}


   Skills:
 - Level 1.0 Fighting
 - Level 1.0 Armour
 + Level 2.4 Dodging
 + Level 2.4 Stealth
 * Level 5.2 Spellcasting
 + Level 2.0 Conjurations
 - Level 1.1 Summonings
 - Level 1.1 Translocations


You had 4 spell levels left.
You knew the following spells:

 Your Spells              Type           Power      Damage    Failure   Level
a - Magic Dart            Conj           44%        1d5       6%          1
b - Mephitic Cloud        Conj/Pois/Air  6%         N/A       30%         3
c - Call Imp              Summ           8%         N/A       13%         2
d - Blink                 Tloc           16%        N/A       13%         2

Your spell library contained the following spells:

 Spells                   Type           Power      Damage    Failure   Level
 Slow                     Hex            16%        N/A       14%         1
 Cigotuvi's Dreadful Rot  Necr/Pois/Air  8%         N/A       22%         2
 Kindle Blastsparks       Fire/Tloc/Air  10%        2d10      34%         3
 Iskenderun's Mystic Bla  Conj/Tloc      9%         2d4       58%         4
 Fulminant Prism          Conj/Hex       3%         3d5       65%         4
 Lee's Rapid Deconstruct  Erth           2%         3d4*      98%         5


Dungeon Overview and Level Annotations

Branches:
Dungeon (2/15)

Altars:


Message History

You see here a +0 dagger. 2 gnolls come into view.
Found a pair of gloves.
The gnoll moves out of view.
Casting: Magic Dart (safe; 4% risk of failure)
Confirm with . or Enter, or press ? or * to list all spells.
The spell is extremely dangerous to miscast (26% risk of failure)!
Continue anyway?
Aiming: Mephitic Cloud (extremely dangerous; 26% risk of failure)
Press: ? - help, Shift-Dir - straight line, f - gnoll
Aim: a gnoll, wielding a +0 flail (wandering, hasn't noticed you, chance to affect: 91%)
You miscast Mephitic Cloud.
You are very lightly contaminated with residual magic.
You feel incredibly sick.
You are poisoned.
The gnoll shouts!
You feel sick.
Casting: Mephitic Cloud (extremely dangerous; 26% risk of failure)
Confirm with . or Enter, or press ? or * to list all spells.
The spell is extremely dangerous to miscast (26% risk of failure)!
Continue anyway?
Aiming: Mephitic Cloud (extremely dangerous; 26% risk of failure)
Press: ? - help, Shift-Dir - straight line, f/p - gnoll
Aim: a gnoll, wielding a +0 flail (chance to affect: 91%)
You miscast Mephitic Cloud.
Energy rips through your body!
Ouch! That really hurt!
* * * LOW HITPOINT WARNING * * *
x2 You feel sick.
Casting: Mephitic Cloud (extremely dangerous; 26% risk of failure)
Confirm with . or Enter, or press ? or * to list all spells.
You blink.
* * * LOW HITPOINT WARNING * * *
You feel sick.
It was a potion of degeneration.
There was something very wrong with that liquid.
You feel weakened.
You feel dopey.
You feel clumsy.
* * * LOW HITPOINT WARNING * * *
You feel sick.
You are no longer poisoned.
Okay, then.
It was a potion of curing.
You feel better. The gnoll hits you with a +0 flail!
Ouch! That really hurt!
You die...

.......## #.#
.....>.....[#####.#
.>..............#.#
.......####.....#)#
##...#.# #.....#.#
#####.# #.....#)#
.# .... #.# #####
...####.###.# ....#
#.......g@.#
###.#########[#####
......# #.##
.##.#.# #..##
.##.#.#######.#.#
.##.#..........##
###.##########.#
#.# #.# ###.# #.#


You could see a gnoll.

Vanquished Creatures
  2 gnolls (D:2)
  A bat (D:2)
  2 endoplasms (D:1)
  2 giant cockroaches (D:1)
  4 goblins
  4 hobgoblins (D:1)
  3 quokkas (D:1)
  6 ball pythons
  A frilled lizard (D:1)
  2 kobolds
  A rat (D:1)
28 creatures vanquished.

Notes
Turn   | Place    | Note
-------+----------+-------------------------------------------
     0 | D:1      | pokeman the Deep Elf Hedge Wizard began the quest for the
                  | Orb.
     0 | D:1      | Reached XP level 1. HP: 10/10 MP: 7/7
   344 | D:1      | Reached XP level 2. HP: 16/16 MP: 3/9
   889 | D:1      | Reached skill level 5 in Spellcasting
  1121 | D:2      | Reached XP level 3. HP: 20/20 MP: 5/11
  1127 | D:2      | Learned a level 3 spell: Mephitic Cloud
  1130 | D:2      | Learned a level 2 spell: Call Imp
  1133 | D:2      | Learned a level 2 spell: Blink
  1494 | D:2      | Reached skill level 1 in Fighting
  1494 | D:2      | Reached skill level 1 in Armour
  1571 | D:2      | HP: 1/20 [poisoned by miscasting Mephitic Cloud]
  1573 | D:2      | Slain by a gnoll

Illustrated notes

Levels and vault maps discovered:
D:1:      dpeg_arrival_connections, layout_basic
D:2:      layout_loops_ring, serial_park_tiny_1

Skill      XL: |  1  2  3 |
---------------+----------+-----
Spellcasting   | 5 |  5.2
Fighting       | 1 |  1.0
Armour         | 1 |  1.0
Conjurations   | 2 |  2.0
Dodging        | |  2.4
Stealth        | |  2.4
Summonings     | |  1.1
Translocations | |  1.1

Action                     || total
---------------------------++-------
  Melee: Dagger            ||    11
   Cast: Magic Dart        ||    75
         Mephitic Cloud    ||     2
         Call Imp          ||     2
         Blink             ||     1
    Use: Potion            ||     2
 Armour: Robe              ||     3
  Dodge: Dodged            ||    11

Table legend: (Time is in decaauts)
 A = Elapsed time spent in this place.
 B = Non-inter-level travel time spent in this place.
 C = Inter-level travel time spent in this place.
 D = Time resting spent in this place.
 E = Time spent auto-exploring this place.
 F = Levels seen in this place.
 G = Mean time per level.
                   A        B        C        D        E       F      G
               +--------+--------+--------+--------+--------+-----+--------+
         Total |   1572 |   1550 |     22 |    103 |   1231 |   2 |  786.0 |
       Dungeon |   1572 |   1550 |     22 |    103 |   1231 |   2 |  786.0 |
               +--------+--------+--------+--------+--------+-----+--------+

Top non-repeatable levels by time:
     D:1: 1077 daAuts
     D:2: 495 daAuts
